 Dungeon Sprint DCSS version 0.30.1-11-g7821555f0a (webtiles) character file.

Game seed: 1200160355958726845

96 Heoruswealwe the Poker (level 4, -1/45 HPs)
             Began as a Minotaur Fighter on Nov 9, 2023.
             Was an Initiate of Gozag.
             Slain by a troll (9 damage)
             ... in the Dungeon (Sprint IX: "|||||||||||||||||||||||||||||").
             The game lasted 00:00:50 (116 turns).

Heoruswealwe the Poker (Minotaur Fighter)            Turns: 116, Time: 00:00:51

Health: -1/45      AC:  7    Str: 22    XL:     4   Next: 41%
Magic:  3/3        EV:  9    Int:  5    God:    Gozag
Gold:   0          SH:  4    Dex: 10    Spells: 3/3 levels left

rFire   . . .        a - +0 trident
rCold   . . .        d - +0 buckler
rNeg    . . .        c - +0 scale mail
rPois   .            (helmet restricted)
rElec   .            (no cloak)
rCorr   .            (no gloves)
SInv    .            (no boots)
Will    .....        (no amulet) Stlth
                     (no ring)
HPRegen 0.27/turn    (no ring)
MPRegen 0.08/turn

%: no teleportation
@: no status effects
A: horns 2, retaliatory headbutt
a: Renounce Religion, Potion Petition, Call Merchant, Bribe Branch


You were in the Dungeon.
You worshipped Gozag.
Gozag was noncommittal.
You visited 1 branch

Inventory:

Hand Weapons
 a - a +0 trident (weapon)
Armour
 c - a +0 scale mail (worn)
 d - a +0 buckler (worn)
Jewellery
 k - a +3 ring of intelligence
 l - a +3 ring of intelligence
Wands
 h - a wand of roots (10)
Scrolls
 j - 2 scrolls of blinking
Potions
 b - a potion of might
 e - 5 potions of curing
 f - 3 potions of heal wounds
 g - a potion of haste
 i - a potion of berserk rage


   Skills:
 + Level 6.4 Fighting
 * Level 7.8 Polearms
 + Level 6.3 Armour
 - Level 3.6 Shields


You had 3 spell levels left.
You didn't know any spells.
Your spell library was empty.

Dungeon Overview and Level Annotations

Branches:
Dungeon (1/1)

Altars:
Cheibriados
Dithmenos
Elyvilon
Fedhas
Gozag
Hepliaklqana
Kikubaaqudgha
Makhleb
Nemelex Xobeh
Okawaru
Qazlal
Ru
Sif Muna
Trog
Uskayaw
Vehumet
Wu Jian
Xom
Yredelemnul
Zin
The Shining One
Jiyva
Lugonu


Innate Abilities, Weirdness & Mutations

You have a pair of horns on your head.
You reflexively headbutt those who attack you in melee.


Message History

Found a +3 ring of intelligence.
f - 3 potions of heal wounds (gained 2);
e - 5 potions of curing (gained 4)
Things that are here:
2 potions of magic; a potion of invisibility
Found a +3 ring of intelligence.
j - 2 scrolls of blinking (gained 1)
You see here 2 scrolls of amnesia.
h - a wand of roots (10)
Items here: )))))).
Okay, then.
You see here a +0 pair of gloves.
You see here a +0 pair of boots.
You see here a +0 plate armour.
k - a +3 ring of intelligence
l - a +3 ring of intelligence You open the door.
A kobold brigand, a vampire, a howler monkey, a vampire mosquito, a steam dragon and a troll come into view.
The kobold brigand is wielding a +0 dagger and quivering poisoned darts.
The kobold brigand shouts!
The howler monkey howls!
The vampire mosquito buzzes angrily.
The steam dragon hisses angrily.
You puncture the troll!
The troll is moderately wounded.
The troll bites you but does no damage. The troll barely misses you.
The troll claws you!
You hit the troll.
The troll is moderately wounded.
You block the troll's attack. The troll closely misses you.
The troll claws you but does no damage.
You closely miss the troll.
The troll is moderately wounded.
The troll bites you! The troll claws you!
* * * LOW HITPOINT WARNING * * *
You block the troll's attack.
You hit the troll.
The troll is moderately wounded.
The troll closely misses you. You furiously retaliate!
You headbutt the troll, but do no damage.
The troll claws you!
You die...
Your body crumbles into a pile of gold. ▓▓▓▓▓▓▓▓▓▓▓▓▓▓▓▓▓▓▓▓▓▓▓▓ .KVhyDT@.[[[.)?!'_______ ▓▓▓▓▓▓▓▓▓▓▓▓▓▓▓▓▓▓▓▓▓▓▓▓ $ $$$$$ $ $ $ $$$$$ $$$$$$

You could see a troll, a vampire, a steam dragon, a vampire mosquito, a kobold brigand and a howler monkey.

Vanquished Creatures
  A scorpion (D)
  A hound (D)
  3 orcs (D)
  An endoplasm (D)
  A hobgoblin (D)
  A bat (D)
  A frilled lizard (D)
  A kobold (D)
10 creatures vanquished.

Notes
Turn   | Place    | Note
-------+----------+-------------------------------------------
     0 | D        | Heoruswealwe the Minotaur Fighter began the quest for the
                  | Orb.
     0 | D        | Reached XP level 1. HP: 19/19 MP: 0/0
    14 | D        | Reached skill level 3 in Polearms
    46 | D        | Noticed a scorpion
    46 | D        | Noticed a hound
    55 | D        | Killed a hound
    56 | D        | Reached skill level 5 in Fighting
    56 | D        | Reached skill level 5 in Polearms
    56 | D        | Reached skill level 5 in Armour
    56 | D        | Reached XP level 2. HP: 16/29 MP: 1/1
    56 | D        | Reached XP level 3. HP: 20/36 MP: 2/2
    58 | D        | Killed a scorpion
    59 | D        | Reached skill level 7 in Polearms
    59 | D        | Reached XP level 4. HP: 26/44 MP: 3/3
    69 | D        | Found a snail-covered altar of Cheibriados.
    69 | D        | Found a shadowy altar of Dithmenos.
    69 | D        | Found a white marble altar of Elyvilon.
    69 | D        | Found a blossoming altar of Fedhas.
    69 | D        | Found an opulent altar of Gozag.
    70 | D        | Found a hazy altar of Hepliaklqana.
    71 | D        | Found a viscous altar of Jiyva.
    72 | D        | Found an ancient bone altar of Kikubaaqudgha.
    73 | D        | Found a corrupted altar of Lugonu.
    74 | D        | Found a burning altar of Makhleb.
    75 | D        | Found a sparkling altar of Nemelex Xobeh.
    76 | D        | Found an iron altar of Okawaru.
    77 | D        | Became a worshipper of Gozag Ym Sagoz the Greedy
    78 | D        | Found a stormy altar of Qazlal.
    79 | D        | Found a sacrificial altar of Ru.
    80 | D        | Found a shimmering blue altar of Sif Muna.
    81 | D        | Found a bloodstained altar of Trog.
    82 | D        | Found a hide-covered altar of Uskayaw.
    83 | D        | Found a radiant altar of Vehumet.
    84 | D        | Found an ornate altar of the Wu Jian Council.
    85 | D        | Found a shimmering altar of Xom.
    86 | D        | Found a basalt altar of Yredelemnul.
    87 | D        | Found a glowing silver altar of Zin.
    88 | D        | Found a glowing golden altar of the Shining One.
   112 | D        | Noticed a kobold brigand
   112 | D        | Noticed a vampire
   112 | D        | Noticed a vampire mosquito
   112 | D        | Noticed a steam dragon
   112 | D        | Noticed a troll
   116 | D        | Slain by a troll

Illustrated notes

Levels and vault maps discovered:
D:        linesprint [early_d, line_temple, items_1, d_10, items_2, lair_1,
          lair_end, items_3, orc_1, orc_end, items_4, d_15, swamp_1, shoals_1,
          snake_1, spider_1, d_20, vaults_1, items_5, swamp_end, shoals_end,
          snake_end, spider_end, vaults_end, d_27, items_6, zot_1, zot_end,
          crypt_end, forest_end, elf_end, slime_end, tomb_end, abyss_end,
          pan_hell_end]

Skill      XL: |  1  2  3 |
---------------+----------+-----
Polearms       | 5 7 |  7.8
Fighting       | 5 6 |  6.4
Armour         | 5 6 |  6.3
Shields        | |  3.6

Action                     |  1- 3 |  4- 6 || total
---------------------------+-------+-------++-------
  Melee: Trident           |    26 |     8 ||    34
         Headbutt          |     3 |     1 ||     4
 Armour: Scale mail        |    11 |     2 ||    13
  Dodge: Dodged            |     7 |     3 ||    10
  Block: Buckler           |     5 |     2 ||     7
